Cogmind - Beta 15 @@@ ROGUE MODE // 2025.07.05 @ 16:22:27 Player: satan5 Result: Destroyed by G-47 Trooper with Particle Gun Performance ------------- Evolutions (2) 1000 Regions Visited (8) 1600 Robots Destroyed (103) 515 Value Destroyed (3096) 3096 Prototype IDs (15) 300 Alien Tech Used (0) 0 Bonus (1298) 1298 TOTAL SCORE: 7809 Bonus ------- High Alert Combat Kills 59 Follower Combat Kills 354 Entered Garrisons 400 Used RIF Installer 500 Friendly Fire -15 Cogmind --------- Core Integrity 0/550 Matter 154/300 Energy 275/275 System Corruption 2% Temperature Warm (107) Movement Hovering (360) Ox5 Location -8/Garrison Parts ------- > --- POWER (1) -------- Deuterium Engine > --- PROPULSION (4) --- Improved Hover Unit > --- UTILITY (4) ------ Large Storage Unit Advanced Targeting Computer > --- WEAPON (2) ------- Coil Gun Coil Gun > --- INVENTORY (15) --- Aerolev Unit Gravmag System Gravmag System Hacking Suite High-powered Shotgun High-powered Shotgun Enhanced Autogun Enhanced Autogun Enhanced Autogun Enhanced Autogun Rocket Launcher Scythe Tiamat Bomb Trap Tiamat Bomb Trap Peak State ------------ > --- POWER ------------ Deuterium Engine > --- PROPULSION ------- Wheel Armored Wheel Armored Wheel > --- UTILITY ---------- Large Storage Unit Improved Sensor Array Advanced Targeting Computer Splice Drone Bay > --- WEAPON ----------- Coil Gun Coil Gun > --- INVENTORY -------- Hover Unit Hover Unit Improved Hover Unit Improved Hover Unit Aerolev Unit Hacking Suite High-powered Shotgun High-powered Shotgun Enhanced Autogun Enhanced Autogun Enhanced Autogun Enhanced Autogun Rocket Launcher Scythe [Rating: 36] Favorites ----------- Power Deuterium Engine Engine Deuterium Engine Power Core Light Nuclear Core Propulsion Aluminum Leg Leg Aluminum Leg Wheel Armored Wheel Hover Unit Improved Hover Unit Utility Large Storage Unit Device Improved Heat Sink Storage Large Storage Unit Processor Advanced Targeting Computer Protection Hardened Medium Armor Plating Weapon Lightning Gun Energy Gun Lightning Gun Energy Cannon Light EM Pulse Cannon Ballistic Gun High-powered Shotgun Launcher Rocket Launcher Slashing Weapon Scythe Build | -11 -10 -10 -9 -9 -8 -8 -8 -8 ------- Run | Yrd Mat Min Mat Min Mat Gar Mat Gar Slots Evolved 4 | . . . 2 . 2 . . . Power . | . . . . . . . . . Propulsion 2 | . . . 2 . . . . . Utility 2 | . . . . . 2 . . . Weapon . | . . . . . . . . . Parts Attached 77 | 7 14 2 5 11 25 6 2 5 Power 8 | 1 3 . . 1 2 1 . . Engine 6 | 1 1 . . 1 2 1 . . Core 2 | . 2 . . . . . . . Reactor . | . . . . . . . . . Propulsion 27 | 2 6 . 2 4 8 . . 5 Treads . | . . . . . . . . . Leg 18 | 2 6 . 2 4 4 . . . Wheel 4 | . . . . . 4 . . . Hover 5 | . . . . . . . . 5 Flight . | . . . . . . . . . Utility 15 | 2 3 1 . 2 5 1 1 . Device 8 | 1 2 1 . 2 1 . 1 . Storage 2 | 1 1 . . . . . . . Processor 3 | . . . . . 2 1 . . Hackware . | . . . . . . . . . Protection 2 | . . . . . 2 . . . Artifact . | . . . . . . . . . Weapon 27 | 2 2 1 3 4 10 4 1 . Energy Gun 13 | . 2 . 3 3 5 . . . Energy Cannon 1 | . . . . . 1 . . . Ballistic Gun 11 | 2 . 1 . . 4 3 1 . Ballistic Cannon . | . . . . . . . . . Launcher 1 | . . . . 1 . . . . Special Weapon . | . . . . . . . . . Impact Weapon . | . . . . . . . . . Slashing Weapon 1 | . . . . . . 1 . . Piercing Weapon . | . . . . . . . . . Special Melee Weapon . | . . . . . . . . . Unidentified Prototypes 6 | . . . 2 1 2 . 1 . Parts Lost 36 | . 6 . . 8 11 3 . 8 Power 4 | . 2 . . 1 . 1 . . Propulsion 16 | . . . . 4 4 2 . 6 Utility 7 | . 2 . . 1 2 . . 2 Weapon 9 | . 2 . . 2 5 . . . Highest Loss Streak 5 | . 2 . . 4 5 2 . 4 To Critical Strikes . | . . . . . . . . . Average Backups 12 | 1 7 13 13 12 14 14 14 13 Power . | . . 2 2 . . . . . Propulsion 5 | . 4 6 5 5 6 6 5 4 Utility 1 | . . . . . 2 2 1 1 Weapon 4 | . 1 3 5 5 4 5 7 8 Tool/Special . | . . . . . . . . . Unused Backups 23 | . 1 . 5 1 6 . 1 9 Power 1 | . . . 1 . . . . . Propulsion 9 | . . . 1 . 4 . 1 3 Utility 1 | . . . . . . . . 1 Weapon 12 | . 1 . 3 1 2 . . 5 Tool/Special . | . . . . . . . . . Average Slot Usage (%) 87 | . 92 90 93 81 89 83 81 87 Engine 7 | . 9 . . 8 9 9 9 9 Core 3 | . 4 14 11 2 . . . . Leg 23 | . 28 28 37 34 30 . . . Wheel 4 | . . . . . 2 19 18 5 Hover 1 | . . . . . . . . 27 Device 8 | . 7 4 11 3 10 7 15 10 Storage 10 | . 14 14 11 11 9 9 9 9 Processor 5 | . . . . . 5 18 11 9 Protection 1 | . . . . . 5 1 . . Energy Gun 10 | . 9 17 16 15 14 . . . Ballistic Gun 8 | . 18 11 5 . 1 14 18 18 Peak Build Rating 36 | 7 12 14 18 21 32 34 36 36 Average Rating 21 | 5 8 12 15 15 27 30 34 32 On Entrance 18 | . 7 10 14 17 18 30 34 36 Naked Turns . | . . . . . . . . . Heaviest Build 48 | 12 29 32 32 43 47 47 48 48 Greatest Support 49 | 20 20 20 40 40 49 36 34 34 Greatest Overweight (x) 3 | 2 1 1 1 2 3 1 1 1 Average Overweight (x) . | . . 1 . . . . 1 1 Largest Inventory Capacity 15 | 8 15 15 15 15 15 15 15 15 Average Capacity 13 | 7 9 15 15 15 15 15 15 15 Most Carried 15 | 3 14 15 15 15 15 15 15 15 Average Carried 12 | 1 7 13 13 12 14 14 14 14 Final Capacity 15 | 8 15 15 15 15 15 15 15 15 Final Carried 15 | 2 14 13 15 13 15 15 15 14 Class Distribution -------------------- 63% | Mutant 36% | Scavenger-Mutant Dominant Class ---------------- Mutant | -10/Materials Scavenger-Mutant | -10/Mines Scavenger-Mutant | -9/Materials Scavenger-Mutant | -9/Mines Mutant | -8/Materials Mutant | -8/Garrison Mutant | -8/Materials Mutant | -8/Garrison Resources | -11 -10 -10 -9 -9 -8 -8 -8 -8 ----------- Run | Yrd Mat Min Mat Min Mat Gar Mat Gar Matter Collected 1833 | 282 352 20 68 195 361 325 . 230 Remotely . | . . . . . . . . . Salvage Created 4495 | 20 903 . 295 109 2008 550 105 505 Parts 242 | 3 59 . 12 . 107 25 4 32 Haulers Intercepted 14 | . 2 . 4 . 6 . 2 . Recyclers Shooed 3 | . . . 2 . 1 . . . Parts Field Recycled . | . . . . . . . . . Retrieved Matter . | . . . . . . . . . Parts Self-Destructed . | . . . . . . . . . Prevented . | . . . . . . . . . Kills | -11 -10 -10 -9 -9 -8 -8 -8 -8 ------- Run | Yrd Mat Min Mat Min Mat Gar Mat Gar Combat Hostiles Destroyed 80 | . 17 . 1 16 27 9 . 10 Melee 2 | . . . . . . 2 . . Guns 61 | . 17 . 1 8 18 7 . 10 AOE 14 | . . . . 8 6 . . . Classes Destroyed 17 | 1 5 . 2 2 5 1 . 1 Worker 2 | . 1 . . . 1 . . . Builder 4 | . . . . . 4 . . . Tunneler 1 | 1 . . . . . . . . Hauler 14 | . 2 . 4 . 6 . 2 . Recycler 3 | . 1 . . . 2 . . . Operator 3 | . . . 1 . 2 . . . Watcher 6 | . 2 . . . 4 . . . Swarmer 6 | . . . . . 6 . . . Grunt 42 | . 17 . . . 13 4 . 8 Duelist 1 | . . . . . 1 . . . Sentry 12 | . . . 1 . 5 6 . . Demolisher 2 | . . . . 2 . . . . Hunter 3 | . . . . . 1 2 . . Programmer 2 | . . . . . . . . 2 Heavy 1 | . . . . . 1 . . . Behemoth 1 | . . . . . . 1 . . Assembled 14 | . . . . 14 . . . . Best Kill Streak 9 | 1 6 . 4 6 9 3 2 2 Combat Bots Only 6 | . 6 . 1 6 4 3 . 2 Max Kills in Single Turn 3 | 1 1 . 1 2 3 1 1 1 Gunslinging . | . . . . . . . . . Exploded 3 | . . . . 2 3 . . . Melee 1 | . . . . . . 1 . . Uniques/NPCs Destroyed . | . . . . . . . . . Combat | -11 -10 -10 -9 -9 -8 -8 -8 -8 -------- Run | Yrd Mat Min Mat Min Mat Gar Mat Gar Hostile Shots Fired 419 | . 91 . 3 52 157 53 . 63 Missed 120 | . 21 . 2 11 46 19 . 21 Hits 299 | . 70 . 1 41 111 34 . 42 Melee 2 | . . . . 2 . . . . Projectile 297 | . 70 . 1 39 111 34 . 42 AOE 14 | . . . . 14 . . . . Critical Strikes 11 | . 2 . . 1 5 3 . . Damage Taken 5477 | . 899 . 14 1055 1974 782 . 753 Core 953 | . 185 . . 201 320 157 . 90 Absorbed by Shields . | . . . . . . . . . Regen/Repaired (Parts) 215 | . . . . . 215 . . . Core Remaining (%) 58 | 100 . 26 . 49 . . . . Volleys Fired 304 | 3 81 . 13 26 116 25 2 38 Largest 2 | 2 2 . 2 2 2 2 2 2 Hottest 110 | 40 105 . 90 90 110 50 60 60 Shots Fired 566 | 6 156 . 26 46 202 50 4 76 Gun 554 | 6 156 . 26 36 200 50 4 76 Cannon . | . . . . . . . . . Launcher 12 | . . . . 10 2 . . . Special . | . . . . . . . . . Kinetic 308 | 6 130 . 2 . 40 50 4 76 Thermal 28 | . 26 . 2 . . . . . Explosive 12 | . . . . 10 2 . . . Electromagnetic 218 | . . . 22 36 160 . . . Robot Hit Streak 25 | 5 11 . 17 17 25 19 5 12 Robot Miss Streak 4 | 1 4 . 3 3 2 4 . 3 Penetration Max 1 | . . . . . . . . 1 Secondary Targets 8 | . 1 . . . 1 3 . 3 Max Gunslinging Chain 1 | . 1 . . . 1 1 . 1 Shots Hit Robots 428 | 5 102 . 22 34 152 56 3 54 Core Hits 211 | 2 45 . 13 33 67 29 2 20 Critical Kills 3 | . . . . . . . 1 2 Critical Parts Destroyed 3 | . . . . . . 1 . 2 Critical Strikes 13 | . . . . . 2 6 1 4 Destroy 7 | . . . . . . 2 1 4 Corrupt 2 | . . . . . 2 . . . Sever 4 | . . . . . . 4 . . Melee Attacks 21 | . . . . . . 21 . . Impact . | . . . . . . . . . Slashing 21 | . . . . . . 21 . . Piercing . | . . . . . . . . . Sneak Attacks 17 | . . . . . . 17 . . Combat Hostiles 6 | . . . . . . 6 . . Follow-up Attacks . | . . . . . . . . . Damage Inflicted 9690 | 49 1121 . 401 999 3819 1994 62 1245 Guns 7225 | 49 1121 . 401 395 3094 858 62 1245 Cannons . | . . . . . . . . . Explosions 1329 | . . . . 604 725 . . . Melee 1136 | . . . . . . 1136 . . Ramming . | . . . . . . . . . Kinetic 3524 | 49 842 . 17 . 451 858 62 1245 Thermal 895 | . 279 . 14 107 495 . . . Explosive 727 | . . . . 497 230 . . . Electromagnetic 3408 | . . . 370 395 2643 . . . Impact . | . . . . . . . . . Slashing 1136 | . . . . . . 1136 . . Piercing . | . . . . . . . . . Highest Corruption 2 | . . . . . . . . 2 Average Corruption 1 | . . . . . . . . 1 Corruption Purged . | . . . . . . . . . Corruption Blocked . | . . . . . . . . . Effects 3 | . . . . . . . . 3 Message Errors 1 | . . . . . . . . 1 Matter Fused 1 | . . . . . . . . 1 Data Loss (minor) 1 | . . . . . . . . 1 Overload Shots . | . . . . . . . . . Overflow Damage 49 | . . . . 18 20 11 . . Projectiles . | . . . . . . . . . Explosions 38 | . . . . 18 20 . . . Melee 11 | . . . . . . 11 . . Knockbacks . | . . . . . . . . . Impact . | . . . . . . . . . Kinetic . | . . . . . . . . . Secondary . | . . . . . . . . . Self-Inflicted Damage 192 | . . . . 54 138 . . . Shots 5 | . . . . 2 3 . . . Rammed . | . . . . . . . . . Targets Rammed . | . . . . . . . . . Kicked . | . . . . . . . . . Crushed . | . . . . . . . . . Highest Temperature 295 | . 295 . . 116 153 17 . 105 Average Temperature 45 | . 76 . . 46 30 5 . 43 Received Heat Transfer 1831 | . 534 . 9 100 738 162 . 288 Effects 1 | . 1 . . . . . . . Interference 1 | . 1 . . . . . . . Siege Activations . | . . . . . . . . . Martial Activations . | . . . . . . . . . Shielding Activations . | . . . . . . . . . Robots Disrupted 1 | . . . . . 1 . . . Combat Hostiles 1 | . . . . . 1 . . . Robots Corrupted 4 | . . . . . 4 . . . Combat Hostiles 3 | . . . . . 3 . . . Parts Fried 21 | . . . 3 . 18 . . . Impact Corruptions . | . . . . . . . . . Robots Melted . | . . . . . . . . . Combat Hostiles . | . . . . . . . . . Parts Melted 1 | . 1 . . . . . . . Heat Transferred 1404 | . 667 . 37 100 600 . . . Parts Sabotaged . | . . . . . . . . . Parts Stolen . | . . . . . . . . . Parts Stripped . | . . . . . . . . . Power Chain Reactions 8 | . . . . 1 7 . . . Alert | -11 -10 -10 -9 -9 -8 -8 -8 -8 ------- Run | Yrd Mat Min Mat Min Mat Gar Mat Gar Maximum Alert Level 3 | . . . . . 2 3 1 2 Low Security (%) 67 | 100 100 100 100 100 66 . . . Level 1 18 | . . . . . 23 28 100 96 Level 2 8 | . . . . . 10 31 . 3 Level 3 6 | . . . . . . 40 . . Level 4 . | . . . . . . . . . Level 5 . | . . . . . . . . . High Security . | . . . . . . . . . Max Security . | . . . . . . . . . Peak Influence 725 | 5 187 39 73 40 456 725 352 416 Initial 352 | . . 39 . 3 . 276 352 206 Average 176 | . 71 4 23 5 162 571 332 318 Influence Increases 2592 | 5 507 . 178 118 1000 499 15 270 Destroy 0b10 Robot/C 1560 | . 340 . 80 40 540 360 . 200 Destroy 0b10 Robot/NC 170 | 5 30 . 30 . 95 . 10 . Destroy Leader 312 | . 68 . 50 10 150 10 4 20 Allied During Kill 38 | . . . 12 . . 26 . . Successful Hack 74 | . 9 . 5 . 18 28 . 14 Disable Machine 75 | . . . . . 60 . . 15 Anti-Garrison Action 50 | . . . . . . 50 . . Destroy Structure 133 | . . . 1 68 47 10 1 6 Lose Combat Pursuer 180 | . 60 . . . 90 15 . 15 Influence Decreases 2196 | 5 405 102 168 128 574 200 423 191 Entered New Map 704 | . . 63 . 7 . 150 373 111 Time Decay 1166 | 5 355 39 152 101 464 . 50 . Lost Part 290 | . 50 . . 20 110 30 . 80 Lost Ally 36 | . . . 16 . . 20 . . Squads Dispatched 14 | . 3 1 3 . 7 . . . Investigation 5 | . 2 1 2 . . . . . Extermination . | . . . . . . . . . Reinforcement 6 | . 1 . 1 . 4 . . . Assault . | . . . . . . . . . Garrison 3 | . . . . . 3 . . . Intercept . | . . . . . . . . . Searches Triggered . | . . . . . . . . . Construction Impeded 1 | . . . . . 1 . . . Haulers Reinforced . | . . . . . . . . . Active Scanning Responses . | . . . . . . . . . Cargo Convoy Interrupts . | . . . . . . . . . Stealth | -11 -10 -10 -9 -9 -8 -8 -8 -8 --------- Run | Yrd Mat Min Mat Min Mat Gar Mat Gar Distress Signals 8 | . 1 . 3 1 2 . 1 . Communications Jammed . | . . . . . . . . . Distress Signals . | . . . . . . . . . Times Spotted 145 | . 25 . 13 17 41 31 4 14 Peak Tracking Total 6 | . 3 . 4 5 6 5 5 4 Tactical Retreats 13 | . 4 . . 1 6 1 . 1 Traps | -11 -10 -10 -9 -9 -8 -8 -8 -8 ------- Run | Yrd Mat Min Mat Min Mat Gar Mat Gar Traps Triggered 10 | . 1 . . . . 6 . 3 Indirectly . | . . . . . . . . . Trap Hack Attempts . | . . . . . . . . . Triggered . | . . . . . . . . . Disarmed . | . . . . . . . . . Reprogrammed . | . . . . . . . . . Reused . | . . . . . . . . . Traps Extracted . | . . . . . . . . . Installed . | . . . . . . . . . Triggered . | . . . . . . . . . Most Traps Carried 2 | . . . . . . . . 2 Machines | -11 -10 -10 -9 -9 -8 -8 -8 -8 ---------- Run | Yrd Mat Min Mat Min Mat Gar Mat Gar Machines Disabled 5 | . . . . . 4 . . 1 Max in Single Turn 1 | . . . . . 1 . . 1 Garrison Relay 1 | . . . . . . 1 . . Machines Repaired . | . . . . . . . . . Machines Dismantled . | . . . . . . . . . Machines Sabotaged . | . . . . . . . . . Overloaded Fab Kills . | . . . . . . . . . Hacking | -11 -10 -10 -9 -9 -8 -8 -8 -8 --------- Run | Yrd Mat Min Mat Min Mat Gar Mat Gar Machines Accessed 27 | . 6 1 3 1 9 3 3 1 Terminals 17 | . 4 . 3 . 5 3 1 1 Fabricators . | . . . . . . . . . Repair Stations 2 | . . . . . 2 . . . Recycling Units 4 | . 2 . . . 1 . 1 . Scanalyzers . | . . . . . . . . . Garrison Access 2 | . . . . . 1 . 1 . Total Hacks 65 | . 18 1 10 1 22 5 7 1 Successful 32 | . 9 1 5 1 11 2 2 1 Failed 33 | . 9 . 5 . 11 3 5 . Catastrophic 2 | . 1 . . . . 1 . . Database Lockouts . | . . . . . . . . . Manual 30 | . 10 . 10 . 6 . 4 . Terminals 44 | . 11 . 10 . 14 5 3 1 Fabricators . | . . . . . . . . . Repair Stations 4 | . . . . . 4 . . . Recycling Units 13 | . 7 . . . 3 . 3 . Scanalyzers . | . . . . . . . . . Garrison Access 2 | . . . . . 1 . 1 . Terminal Hacks 15 | . 3 1 3 1 4 2 . 1 Robot Analysis 1 | . 1 . . . . . . . Prototype ID Bank 6 | . 1 . 3 . 2 . . . Open Door 2 | . . 1 . 1 . . . . Emergency Access Points 1 | . . . . . . . . 1 Terminal Index 2 | . 1 . . . 1 . . . Hauler Manifests 1 | . . . . . 1 . . . Garrison Registry 1 | . . . . . . 1 . . Patrol Navigation 1 | . . . . . . 1 . . Fabricator Hacks . | . . . . . . . . . Repair Station Hacks 3 | . . . . . 3 . . . Scan Component 2 | . . . . . 2 . . . Repair 1 | . . . . . 1 . . . Recycling Unit Hacks 4 | . 2 . . . 1 . 1 . Retrieve Components 4 | . 2 . . . 1 . 1 . Scanalyzer . | . . . . . . . . . Garrison Access Hacks 2 | . . . . . 1 . 1 . Unlock Access 2 | . . . . . 1 . 1 . Unauthorized Hacks 8 | . 4 . 2 . 2 . . . Terminals 6 | . 2 . 2 . 2 . . . Botnet 6 | . 2 . 2 . 2 . . . Fabricators . | . . . . . . . . . Repair Stations . | . . . . . . . . . Recycling Units 2 | . 2 . . . . . . . Reject 1 | . 1 . . . . . . . Mask 1 | . 1 . . . . . . . Scanalyzers . | . . . . . . . . . Garrison Access . | . . . . . . . . . Data Cores Recovered 1 | . . . . . 1 . . . Used . | . . . . . . . . . Hacking Detections 23 | . 6 . 3 . 9 3 2 . Full Trace Events 3 | . 1 . 1 . . 1 . . Feedback Events . | . . . . . . . . . Feedback Blocked . | . . . . . . . . . Robot Schematics Acquired . | . . . . . . . . . Robots Built . | . . . . . . . . . Authchips . | . . . . . . . . . Time . | . . . . . . . . . Total Robot Build Rating . | . . . . . . . . . Part Schematics Acquired . | . . . . . . . . . Parts Built . | . . . . . . . . . Authchips . | . . . . . . . . . Time . | . . . . . . . . . Total Part Build Rating . | . . . . . . . . . Parts Repaired 1 | . . . . . 1 . . . Time 38 | . . . . . 38 . . . Parts Recycled . | . . . . . . . . . Recycled Matter . | . . . . . . . . . Retrieved Matter . | . . . . . . . . . Retrieved Components 14 | . 2 . . . 9 . 3 . Parts Scanalyzed . | . . . . . . . . . Part Schematics Acquired . | . . . . . . . . . Parts Damaged . | . . . . . . . . . Bothacking | -11 -10 -10 -9 -9 -8 -8 -8 -8 ------------ Run | Yrd Mat Min Mat Min Mat Gar Mat Gar Used RIF Installer 1 | . . . . . . 1 . . Robots Hacked . | . . . . . . . . . Non-combat . | . . . . . . . . . Combat . | . . . . . . . . . Robot Hacks Applied . | . . . . . . . . . Relay Couplers Released 4 | . . . . . . 4 . . Machine Destruction 4 | . . . . . . 4 . . Fabnet Peak Effective % . | . . . . . . . . . Robots Rewired . | . . . . . . . . . Allies Hacked . | . . . . . . . . . Hacks Repelled . | . . . . . . . . . Allies | -11 -10 -10 -9 -9 -8 -8 -8 -8 -------- Run | Yrd Mat Min Mat Min Mat Gar Mat Gar Total Allies 10 | . . 2 . . . 8 . . Largest Group 2 | . . 2 2 1 . 1 . . Highest-Rated Group 39 | . . 39 39 31 . 21 . . Highest-Rated Ally 31 | . . 31 31 31 . 21 . . Total Orders 7 | . . . . . . 7 . . RETURN 7 | . . . . . . 7 . . Ally Attacks 71 | . . . 17 1 . 49 . 4 Total Damage 665 | . . . 233 5 . 391 . 36 Kills 13 | . . . 4 . . 9 . . Allies Corrupted . | . . . . . . . . . Allies Melted . | . . . . . . . . . Intel | -11 -10 -10 -9 -9 -8 -8 -8 -8 ------- Run | Yrd Mat Min Mat Min Mat Gar Mat Gar Active Infowar (turns) 1109 | 16 113 . . . 7 586 89 298 Optics 593 | . . . . . 7 586 . . Sensors 387 | . . . . . . . 89 298 Seismic 129 | 16 113 . . . . . . . Robot Analysis Total 1 | . 1 . . . . . . . Derelict Logs Recovered 3 | . . 2 . 1 . . . . Drone Launches 49 | . . . . 1 . 43 . 5 Drone Recoveries 44 | . . . . 1 . 38 . 5 Exploration | -11 -10 -10 -9 -9 -8 -8 -8 -8 ------------- Run | Yrd Mat Min Mat Min Mat Gar Mat Gar Turns Passed 5496 | 75 992 410 383 746 1620 854 108 308 Spaces Moved 3191 | 46 515 213 228 455 867 646 84 137 Core 4 | 4 . . . . . . . . Treads . | . . . . . . . . . Legs 2180 | 42 515 213 228 455 727 . . . Wheels 888 | . . . . . 140 646 84 18 Hover 119 | . . . . . . . . 119 Flight . | . . . . . . . . . Fastest Speed 50 | 50 120 190 120 120 86 90 101 101 Average Speed 128 | 117 131 190 136 143 124 103 104 107 Slowest Speed 330 | 150 190 190 190 260 330 105 105 112 Overloaded Moves . | . . . . . . . . . Propulsion Burnouts . | . . . . . . . . . Robots Hopped . | . . . . . . . . . Potential Cave-ins . | . . . . . . . . . Cave-ins Triggered . | . . . . . . . . . Exploration Rate (%) 39 | 3 57 53 29 76 67 43 11 20 Regions Visited 8 Branch Regions 2 Pre-discovered Areas 2 | . . 1 . 1 . . . . Known Exits Taken 2 | . . . . . 1 . 1 . Unknown Exits Taken 5 | 1 1 1 1 1 . . . . Scrap Searched 4 | . . 1 . 3 . . . . Spaces Dug . | . . . . . . . . . Terrain Destroyed 141 | . . . . 94 40 . 1 6 Melee . | . . . . . . . . . Projectile 6 | . . . . . . . 1 5 AOE 134 | . . . . 94 40 . . . Terrain Rammed . | . . . . . . . . . Walls Destroyed . | . . . . . . . . . Machines Disabled . | . . . . . . . . . Actions | -11 -10 -10 -9 -9 -8 -8 -8 -8 --------- Run | Yrd Mat Min Mat Min Mat Gar Mat Gar Total 4025 | 58 690 220 277 502 1207 745 101 225 Wait 263 | . 57 . 9 5 158 22 . 12 Move 3183 | 45 514 212 227 454 866 644 84 137 Hop . | . . . . . . . . . Pick Up 66 | 3 15 3 13 3 18 1 6 4 Fast Attach 24 | 6 2 . . 4 11 . . 1 Attach 25 | 1 4 1 2 5 5 2 1 4 Detach 4 | . 1 . . 1 1 . . 1 Swap 38 | . 8 1 4 3 13 6 3 . Drop 47 | . 8 3 9 1 19 . 5 2 Fire 304 | 3 81 . 13 26 116 25 2 38 Melee 21 | . . . . . . 21 . . Ram . | . . . . . . . . . Kick . | . . . . . . . . . Crush . | . . . . . . . . . Escape Stasis 50 | . . . . . . 24 . 26 Rewire . | . . . . . . . . . Trap . | . . . . . . . . . Miscellaneous . | . . . . . . . . . Route ------- -11/Scrapyard -10/Materials (discovered 2 exits: *Mat / *Min) -10/Mines (discovered 2 exits: *Mat / *Sub) -9/Materials -9/Mines (discovered 3 exits: *Mat / [*Exi] / [*Zio]) -8/Materials (discovered 3 exits: [*Fac x2] / Gar) -8/Garrison (discovered 4 exits: *Mat x4) -8/Materials -8/Garrison History --------- Turn | Location | Event 21 | -11/Scrapyard | Discovered new exit (range 15) 76 | -11/Scrapyard | Entered Materials 309 | -10/Materials | Build established: Mutant 372 | -10/Materials | Discovered new exit (range 12) 512 | -10/Materials | Discovered new exit (range 16) 710 | -10/Materials | Core integrity fell below 50% 970 | -10/Materials | Build established: Scavenger-Mutant 1068 | -10/Materials | Entered Mines 1105 | -10/Mines | Identified exit to Subcaves 1130 | -10/Mines | Met a Derelict shopkeep closing up shop 1206 | -10/Mines | Found a hidden stash of uninstalled traps 1221 | -10/Mines | Learned location of Storage (-9) 1467 | -10/Mines | Discovered new exit (range 6) 1478 | -10/Mines | Entered Materials 1478 | -9/Materials | Accompanied by 2 allies 1478 | -9/Materials | Evolved 2 slots: Propulsion x2 1485 | -9/Materials | Led the pair of lost Derelicts to an unsafe place 1612 | -9/Materials | Discovered new exit (range 16) 1618 | -9/Materials | Met 8R-AWN 1861 | -9/Materials | Entered Mines 1861 | -9/Mines | Accompanied by 1 ally 1863 | -9/Mines | Followed 8R-AWN into the Mines 1889 | -9/Mines | Learned location of Zion (-7) 1936 | -9/Mines | Discovered new exit (range 5) 1949 | -9/Mines | Received a Rocket Launcher from a helpful Derelict 1990 | -9/Mines | Assembled infested the area 1995 | -9/Mines | Assisted by a Guerilla fighting off Assembled 2065 | -9/Mines | Lost 3 parts (1p1u1w) 2131 | -9/Mines | Found the Drone Emporium 2140 | -9/Mines | Found Prototype Device 2140 | -9/Mines | Identified Splice Drone Bay 2148 | -9/Mines | Lost 4 parts (3n1w) 2215 | -9/Mines | Core integrity fell below 50% 2280 | -9/Mines | A Derelict revealed a hidden shortcut to a safe place 2419 | -9/Mines | Build established: Mutant 2597 | -9/Mines | Discovered new exit (range 8) 2607 | -9/Mines | Entered Materials 2607 | -8/Materials | Evolved 2 slots: Utility x2 2735 | -8/Materials | Build established: Scavenger-Mutant 2978 | -8/Materials | Discovered new exit (range 16) 3267 | -8/Materials | Build established: Mutant 3773 | -8/Materials | Repaired Hrd. Medium Armor Plating 3813 | -8/Materials | Garrison activated, responded to threat 4032 | -8/Materials | Core integrity fell below 50% 4056 | -8/Materials | Lost 5 parts (1n2u2w) 4136 | -8/Materials | Discovered new exit (range 3) 4226 | -8/Materials | Identified exit to Garrison 4227 | -8/Materials | Entered Garrison 4247 | -8/Garrison | Triggered checkpoint 4258 | -8/Garrison | Spotted B-75 Beast 4292 | -8/Garrison | Destroyed B-75 Beast 4320 | -8/Garrison | Discovered new exit (range 49) 4320 | -8/Garrison | Discovered new exit (range 76) 4320 | -8/Garrison | Discovered new exit (range 59) 4320 | -8/Garrison | Discovered new exit (range 67) 4337 | -8/Garrison | Garrison Relay disabled 4338 | -8/Garrison | Core integrity fell below 20% 4466 | -8/Garrison | Triggered checkpoint 4501 | -8/Garrison | Triggered checkpoint 4551 | -8/Garrison | Murdered 3 allies 4569 | -8/Garrison | Triggered checkpoint 4683 | -8/Garrison | Triggered checkpoint 4735 | -8/Garrison | Triggered checkpoint 4767 | -8/Garrison | Installed Relay Interface Framework 4833 | -8/Garrison | Identified exit to Materials 5081 | -8/Garrison | Entered Materials 5189 | -8/Materials | Identified exit to Garrison 5189 | -8/Materials | Entered Garrison 5278 | -8/Garrison | Lost 3 parts (2n1u) 5333 | -8/Garrison | Triggered checkpoint 5439 | -8/Garrison | Triggered checkpoint 5497 | -8/Garrison | Destroyed by G-47 Trooper with Particle Gun Last Messages --------------- 05481_ G-47 Trooper destroyed. 05481_ Switching to secondary target: G-47 Trooper. 05483_ Penetrated by Slug. 05484_ Slug penetrates G-47 Trooper. 05484_ Slug penetrates Wall. 05486_ Penetrated by Slug. 05486_ Imp. Hover Unit destroyed. 05487_ Imp. Sensor Array destroyed. 05487_ G-47 Trooper suffers critical hit (Destroy). 05487_ G-47 Trooper destroyed. 05489_ Airjet destroyed. 05492_ Slug penetrates G-47 Trooper. 05493_ Airjet destroyed. 05493_ Slug penetrates G-47 Trooper. 05496_ G-47 Trooper suffers critical hit (Destroy). 05496_ Destroyed Lgt. Nuclear Core. 05497_ Penetrated by Slug. Map ----- +----------------------------------------------------+ | ?????????????????????????#####???????????????????? | | ?????????????????????????# #?????????????+?????? | | ????????????????????######* #######?????????????? | | ?????????######?????# [% [=" #?????????????? | | ?????????# #?????# #####+##%#####?????????????? | | ?????????# #????" #??????#*#?????????????????? | | ?????????# #???#" #??????# #?????????????????? | | ?????????### #???#" #??????# #?????????????????? | | ???????????# #???#"# #??????# #?????????????????? | | ????######?# #???###+#??????# #?????????????????? | | ????? ###! ###????????????# #?????????????????? | | ?"??""" ##"[[" #????????????# #?????????????+?+?? | | ?" ?"&& ## ! !######+######## #######???????????? | | ?" "&& = ! | ! !%* #??????/???/? | | "" """ |*! [ #???????+?+?? | | ############### ###+#T## #???????????? | | #?????????????# #????##?? #???????????? | | "" "" #?????????????# #???????? #????????+??? | | ?" ?" #?????????????# #??????+? #???????????? | | ?"??"&&" ##?????????????# #??????? #???????????? | | ????"""" #??????????????# +??????? #???????????? | | ??????? #??????????????# #??????? #???????????? | | ???????###??????????????# #?????## ##""""###+??? | | ????????????????????????# ###;### %!= #? | | ????????????????????????# !g [%= h | | ????????????????????????#@ *%==** | | ????????????????????????########## ## ## #? | | ?????????????????????????????????# #??? #?????? | | ?????????????????????????????????" ??????????? | | ?????????????????????????????????" ????????? | | ?????????????????????????????????" ??????? | | ?????????????????????????????????" ?????? | | ?????????????????????????????????# ## #?????? | | ?????????????????????????????????? #? #?????? | | ?????????????????????????????????? ?? ?????? | | ?????????????????????????????????? ?? ???+? | | ?????????????????????????????????? ?? ?????? | | ??????????????????????????????????#+###??????????? | | ?????????????????????????????????????????????????? | | ???????????????????????????????????????+?????????? | | ?????????????????????????????????????????????????? | | ?????????????????????????????????????????????????? | | ?????????????????????????????????????????????????? | | ?????????????????????????????????????????????????? | | ???????????????????????????+?????????????????????? | | ?????????????????????????????????????????????????? | | ?????????????????????????????????????????????????? | | ????????????????+??+???+?????????????????????????? | | ?????????????????????????????????????????????????? | | ?????????????????????????????????????????????????? | +----------------------------------------------------+ Best States ------------- Heat Dissipation 67 Energy Generation 14 Energy Capacity 280 Matter Stores 300 Matter Capacity 300 Sight Range 20 Robot Scan Range 15 Terrain Scan Density 10 Armor Coverage 225 Evasion (%) 55 Targeting Accuracy 8 Item Schematics ----------------- None Robot Schematics ------------------ None Fabricated ------------ Nothing Repaired ---------- Hrd. Medium Armor Plating | 10% | -8/Materials Alien Tech Used ----------------- None Achievements -------------- None Challenges ------------ None Game ------ Seed ShiftGlidesysBeamcaster Manual? 0 Play Time 00:50:57 Cumulative 318.2 hours Start 2025.07.05 @ 14:33:32 End 2025.07.05 @ 16:22:27 Sessions 1 Manual Loads 0 Difficulty Rogue Special Mode None Game No. 143 Rogue 129 Adventurer 14 Explorer 0 Win Type - Total 18 Types 15/0/1/1/0/0/0/0/1/0 Lore% 63 Gallery% 72 Achievement% 67 Wizard Run 0 Options --------- Layout 1 ASCII 0 Keyboard 0 Movement Arrows Keybinds 0 Fullscreen 1 Font 32/SmallcapsGlow Map View 50x40 Zoom Use 0% Tactical HUD 1 Map Filters NONE Filters NONE Steam 1 RUN: 74a1e7e9-447f-413d-8b5a-b6c058826cbc